HSSL
ROCKY POINT HS EAGLES @ HUNTSVILLE HS WASPS
05/31/2026
 
TOP OF THE 1ST
Rocky Point HS Eagles batting - Pitching for Huntsville HS Wasps : RHP Jimmy MacAulay
Pitching: RHP Jimmy MacAulay
Batting: RHB Pedro Cháves 0-0: Ball
1-0: Bunted foul
1-1: Foul Ball, location: 2F
1-2: Ground out 5-3 (Groundball, 5S)
Batting: RHB Jim Sharry 0-0: Swinging Strike
0-1: Swinging Strike
0-2: Ball
1-2: Foul Ball, location: 2F
1-2: Foul Ball, location: 2F
1-2: Strikes out looking
Batting: RHB Joe Lewis 0-0: Swinging Strike
0-1: Ball
1-1: Ball
2-1: Foul Ball, location: 2F
2-2: Foul Ball, location: 2F
2-2: SINGLE (Line Drive, 56D)
Batting: SHB Andrés Coronado 0-0: Swinging Strike
0-1: Swinging Strike
0-2: Foul Ball, location: 2F
0-2: Strikes out swinging
Top of the 1st over - 0 run(s), 1 hit(s), 0 error(s), 1 left on base; Rocky Point HS 0 - Huntsville HS 0
BOTTOM OF THE 1ST
Huntsville HS Wasps batting - Pitching for Rocky Point HS Eagles : RHP José Aguilar
Pitching: RHP José Aguilar
Batting: RHB Esteban Garza 0-0: Ball
1-0: Called Strike
1-1: Swinging Strike
1-2: Ball
2-2: Foul Ball, location: 2F
2-2: Foul Ball, location: 2F
2-2: Foul Ball, location: 2F
2-2: Ball
3-2: Ground out 6-3 (Groundball, 4M)
Batting: LHB Warren Walden 0-0: Ball
1-0: Ball
2-0: Ball
3-0: Foul Ball, location: 2F
3-1: Base on Balls
Batting: RHB Christian Porter 0-0: Ball
1-0: Called Strike
1-1: Ball
2-1: Swinging Strike
2-2: Strikes out swinging
Batting: RHB Foster Hapgood 0-0: Ball
1-0: Foul Ball, location: 2F
1-1: Ball
2-1: Swinging Strike
2-2: Foul Ball, location: 2F
2-2: Foul Ball, location: 2F
2-2: Ball
3-2: Fly out, F8 (Flyball, 8RD)
Bottom of the 1st over - 0 run(s), 0 hit(s), 0 error(s), 1 left on base; Rocky Point HS 0 - Huntsville HS 0
TOP OF THE 2ND
Rocky Point HS Eagles batting - Pitching for Huntsville HS Wasps : RHP José Carmona
Pitching: RHP José Carmona
Batting: LHB Gus Price 0-0: Ball
1-0: Ball
2-0: Ball
3-0: Base on Balls
Batting: RHB Fernando Pagán 0-0: Ball
Gus Price is caught stealing 2nd base
1-0: Ball
2-0: Called Strike
2-1: Ball
3-1: Foul Ball, location: 2F
3-2: Ground out 4-3 (Groundball, 4)
Batting: RHB John Lindsey 0-0: Called Strike
0-1: Foul Ball, location: 2F
0-2: Foul Ball, location: 2F
0-2: Ball
1-2: Strikes out swinging
Top of the 2nd over - 0 run(s), 0 hit(s), 0 error(s), 0 left on base; Rocky Point HS 0 - Huntsville HS 0
BOTTOM OF THE 2ND
Huntsville HS Wasps batting - Pitching for Rocky Point HS Eagles : RHP José Aguilar
Batting: RHB Jesse Pérez 0-0: Foul Ball, location: 2F
0-1: Foul Ball, location: 2F
0-2: Ball
1-2: Ground out 5-3 (Groundball, 56)
Batting: LHB Eddie Nealon 0-0: Ball
1-0: Swinging Strike
1-1: Ball
2-1: Foul Ball, location: 2F
2-2: Foul Ball, location: 2F
2-2: Ball
3-2: SINGLE (Line Drive, 89S)
Batting: RHB Roberto Peńa 0-0: Ball
Eddie Nealon is caught stealing 2nd base
1-0: Ball
2-0: Swinging Strike
2-1: Called Strike
2-2: Foul Ball, location: 2F
2-2: Ball
3-2: Foul Ball, location: 2F
3-2: Base on Balls
Batting: RHB Charles Lewis 0-0: Ball
1-0: Called Strike
1-1: Foul Ball, location: 2F
1-2: Ball
2-2: Ground out 5-3 (Groundball, 5)
Bottom of the 2nd over - 0 run(s), 1 hit(s), 0 error(s), 1 left on base; Rocky Point HS 0 - Huntsville HS 0
TOP OF THE 3RD
Rocky Point HS Eagles batting - Pitching for Huntsville HS Wasps : RHP José Carmona
Batting: RHB Dave Burkholder 0-0: Ball
1-0: Ball
2-0: Ball
3-0: Base on Balls
Batting: RHB Ramón Garza 0-0: Foul Ball, location: 2F
0-1: Fly out, F4 (Popup, 3L)
Batting: RHB Pedro Cháves 0-0: Ball
1-0: Called Strike
1-1: Ball
2-1: Called Strike
2-2: Ball
3-2: Foul Ball, location: 2F
3-2: Base on Balls
Dave Burkholder to second
Pitching: RHP Nick Squire
Batting: RHB Jim Sharry 0-0: Foul Ball, location: 2F
0-1: Swinging Strike
0-2: Fly out, F7 (Line Drive, 7M)
Batting: RHB Joe Lewis 0-0: Foul Ball, location: 2F
0-1: Ball
1-1: Called Strike
1-2: Strikes out swinging
Top of the 3rd over - 0 run(s), 0 hit(s), 0 error(s), 2 left on base; Rocky Point HS 0 - Huntsville HS 0
BOTTOM OF THE 3RD
Huntsville HS Wasps batting - Pitching for Rocky Point HS Eagles : RHP José Aguilar
Batting: RHB Mike Kennedy 0-0: Called Strike
0-1: Ball
1-1: Fly out, F3 (Popup, 3F)
Batting: RHB Esteban Garza 0-0: Fly out, F7 (Line Drive, 7S)
Batting: LHB Warren Walden 0-0: Ball
1-0: Called Strike
1-1: Foul Ball, location: 2F
1-2: Ball
2-2: Foul Ball, location: 2F
2-2: SOLO HOME RUN (Flyball, 89XD), Distance : 417 ft
Batting: RHB Christian Porter 0-0: Ball
1-0: Called Strike
1-1: Hit by Pitch
Batting: RHB Foster Hapgood 0-0: Swinging Strike
0-1: Ball
1-1: Called Strike
1-2: Foul Ball, location: 2F
1-2: Ball
2-2: Fly out, F1 (Popup, 25)
Bottom of the 3rd over - 1 run(s), 1 hit(s), 0 error(s), 1 left on base; Rocky Point HS 0 - Huntsville HS 1
TOP OF THE 4TH
Rocky Point HS Eagles batting - Pitching for Huntsville HS Wasps : RHP Nick Squire
Batting: SHB Andrés Coronado 0-0: Called Strike
0-1: Ball
1-1: Swinging Strike
1-2: Ball
2-2: Strikes out looking
Batting: LHB Gus Price 0-0: Ball
1-0: SINGLE (Line Drive, 34D)
Batting: RHB Fernando Pagán 0-0: Ball
1-0: Ball
2-0: Ball
3-0: Called Strike
3-1: SINGLE (Line Drive, 6)
Gus Price to second
Batting: RHB John Lindsey 0-0: Called Strike
0-1: Foul Ball, location: 2F
0-2: Ball
1-2: Fly out, F4 (Popup, 3D)
Batting: RHB Dave Burkholder 0-0: Ball
1-0: Ball
2-0: Ball
3-0: Base on Balls
Gus Price to third
Fernando Pagán to second
Batting: RHB Ramón Garza Reached via error on a dropped throw, E1
Gus Price scores
Fernando Pagán to third
Dave Burkholder to second
Batting: RHB Pedro Cháves 0-0: Foul Ball, location: 2F
0-1: Called Strike
0-2: Foul Ball, location: 2F
0-2: Foul Ball, location: 2F
0-2: Strikes out swinging
Top of the 4th over - 1 run(s), 2 hit(s), 1 error(s), 3 left on base; Rocky Point HS 1 - Huntsville HS 1
BOTTOM OF THE 4TH
Huntsville HS Wasps batting - Pitching for Rocky Point HS Eagles : RHP José Aguilar
Batting: RHB Jesse Pérez 0-0: Ball
1-0: Called Strike
1-1: Ball
2-1: Called Strike
2-2: Ball
3-2: Foul Ball, location: 2F
3-2: Base on Balls
Batting: LHB Eddie Nealon 0-0: Called Strike
0-1: Ball
1-1: Ball
2-1: SINGLE (Line Drive, 56D)
Jesse Pérez to second
Pitching: RHP Ralph Benson
Batting: RHB Roberto Peńa 0-0: Fly out, F7 (Flyball, 78M)
Batting: RHB Charles Lewis 0-0: Ball
1-0: Called Strike
1-1: Ball
2-1: Grounds into double play, 6-4-3 (Groundball, 6)
Bottom of the 4th over - 0 run(s), 1 hit(s), 0 error(s), 1 left on base; Rocky Point HS 1 - Huntsville HS 1
TOP OF THE 5TH
Rocky Point HS Eagles batting - Pitching for Huntsville HS Wasps : RHP Nick Squire
Batting: RHB Jim Sharry 0-0: Called Strike
0-1: Foul Ball, location: 2F
0-2: Strikes out swinging
Batting: RHB Joe Lewis 0-0: Ball
1-0: Ground out 6-3 (Groundball, 6)
Batting: SHB Andrés Coronado 0-0: Called Strike
0-1: Called Strike
0-2: Foul Ball, location: 2F
0-2: Ball
1-2: Foul Ball, location: 2F
1-2: Ball
2-2: Ball
3-2: Ground out 4-3 (Groundball, 34)
Top of the 5th over - 0 run(s), 0 hit(s), 0 error(s), 0 left on base; Rocky Point HS 1 - Huntsville HS 1
BOTTOM OF THE 5TH
Huntsville HS Wasps batting - Pitching for Rocky Point HS Eagles : RHP Ralph Benson
Batting: RHB Mike Kennedy 0-0: Ball
1-0: Ball
2-0: Called Strike
2-1: Ball
3-1: SINGLE (Line Drive, 56D)
Batting: RHB Esteban Garza 0-0: Called Strike
0-1: Ball
1-1: Ball
2-1: Foul Ball, location: 2F
Pickoff Throw to First - Out!
2-2: Strikes out looking
Batting: LHB Warren Walden 0-0: Ball
1-0: Ball
2-0: Ball
3-0: Base on Balls
Batting: RHB Christian Porter 0-0: Fly out, F3 (Popup, 3SF)
Bottom of the 5th over - 0 run(s), 1 hit(s), 0 error(s), 1 left on base; Rocky Point HS 1 - Huntsville HS 1
TOP OF THE 6TH
Rocky Point HS Eagles batting - Pitching for Huntsville HS Wasps : RHP Nick Squire
Batting: LHB Gus Price 0-0: Called Strike
0-1: SINGLE (Line Drive, 9LS)
Batting: RHB Fernando Pagán 0-0: Ball
1-0: Ball
2-0: Called Strike
2-1: 2-RUN HOME RUN (Line Drive, 89XD), Distance : 421 ft
Pitching: LHP Josh Johnston
Batting: RHB John Lindsey 0-0: Called Strike
0-1: Swinging Strike
0-2: Strikes out looking
Batting: RHB Dave Burkholder 0-0: Foul Ball, location: 2F
0-1: Ball
1-1: Ground out 6-3 (Groundball, 6M)
Batting: RHB Ramón Garza 0-0: Foul Ball, location: 2F
0-1: Ball
1-1: Called Strike
1-2: Ball
2-2: Ball
3-2: Base on Balls
Batting: RHB Pedro Cháves 0-0: Fly out, F8 (Flyball, 8LM)
Top of the 6th over - 2 run(s), 2 hit(s), 0 error(s), 1 left on base; Rocky Point HS 3 - Huntsville HS 1
BOTTOM OF THE 6TH
Huntsville HS Wasps batting - Pitching for Rocky Point HS Eagles : RHP Ralph Benson
Batting: RHB Foster Hapgood 0-0: Called Strike
0-1: Ball
1-1: Swinging Strike
1-2: Ball
2-2: Ball
3-2: Base on Balls
Batting: RHB Jesse Pérez 0-0: Ball
Throwing error on steal attempt, E2
Foster Hapgood to third
1-0: Ball
2-0: Called Strike
2-1: Called Strike
2-2: Ball
3-2: Base on Balls
Batting: LHB Eddie Nealon 0-0: Ball
1-0: Fly out, F8 (Line Drive, 78M)
Runner from 3rd tags up, SCORES, no throw
Batting: RHB Roberto Peńa 0-0: Called Strike
0-1: Ball
1-1: Ball
2-1: Called Strike
2-2: Foul Ball, location: 2F
2-2: Fly out, F9 (Flyball, 9M)
Batting: RHB Charles Lewis 0-0: Ball
1-0: Foul Ball, location: 2F
1-1: Ball
2-1: Fly out, F7 (Line Drive, 78M)
Bottom of the 6th over - 1 run(s), 0 hit(s), 1 error(s), 1 left on base; Rocky Point HS 3 - Huntsville HS 2
TOP OF THE 7TH
Rocky Point HS Eagles batting - Pitching for Huntsville HS Wasps : LHP Josh Johnston
Batting: RHB Jim Sharry 0-0: Swinging Strike
0-1: Ball
1-1: Swinging Strike
1-2: Ball
2-2: Ball
3-2: Foul Ball, location: 2F
3-2: Strikes out swinging
Batting: RHB Joe Lewis 0-0: Ball
1-0: SOLO HOME RUN (Flyball, 78XD), Distance : 414 ft
Batting: SHB Andrés Coronado 0-0: Called Strike
0-1: Foul Ball, location: 2F
0-2: Foul Ball, location: 2F
0-2: Ball
1-2: Strikes out swinging
Batting: LHB Gus Price 0-0: Called Strike
0-1: Ball
1-1: Ball
2-1: Swinging Strike
2-2: Fly out, F1 (Popup, 13S)
Top of the 7th over - 1 run(s), 1 hit(s), 0 error(s), 0 left on base; Rocky Point HS 4 - Huntsville HS 2
BOTTOM OF THE 7TH
Huntsville HS Wasps batting - Pitching for Rocky Point HS Eagles : RHP Ralph Benson
Pitching: LHP Keith Burns
Batting: RHB Mike Kennedy 0-0: Ball
1-0: Foul Ball, location: 2F
1-1: Foul Ball, location: 2F
1-2: Ball
2-2: Foul Ball, location: 2F
2-2: Ball
3-2: Fly out, F9 (Flyball, 89M)
Batting: RHB Esteban Garza 0-0: Foul Ball, location: 2F
0-1: Ball
1-1: Foul Ball, location: 2F
1-2: Ball
2-2: Ball
3-2: Fly out, F3 (Popup, 23)
Batting: LHB Warren Walden 0-0: Called Strike
0-1: Ball
1-1: Ball
2-1: Ball
3-1: Swinging Strike
3-2: Foul Ball, location: 2F
3-2: Ground out 6-3 (Groundball, 6)
Bottom of the 7th over - 0 run(s), 0 hit(s), 0 error(s), 0 left on base; Rocky Point HS 4 - Huntsville HS 2
TOP OF THE 8TH
Rocky Point HS Eagles batting - Pitching for Huntsville HS Wasps : LHP Josh Johnston
Pitching: RHP Tom Speck
Batting: RHB Fernando Pagán 0-0: Ball
1-0: Swinging Strike
1-1: Called Strike
1-2: Foul Ball, location: 2F
1-2: Fly out, F8 (Flyball, 89M)
Batting: RHB John Lindsey 0-0: Ball
1-0: Ground out 6-3 (Groundball, 6)
Batting: RHB Dave Burkholder 0-0: SINGLE (Groundball, 6MD)
Batting: RHB Ramón Garza 0-0: Ball
1-0: Ball
2-0: Foul Ball, location: 2F
2-1: Fly out, F7 (Popup, 7S)
Top of the 8th over - 0 run(s), 1 hit(s), 0 error(s), 1 left on base; Rocky Point HS 4 - Huntsville HS 2
BOTTOM OF THE 8TH
Huntsville HS Wasps batting - Pitching for Rocky Point HS Eagles : LHP Keith Burns
Now at C: Josh Conner
Batting: RHB Christian Porter 0-0: Ball
1-0: Foul Ball, location: 2F
1-1: Ball
2-1: Swinging Strike
2-2: SINGLE (Groundball, 56D)
Pitching: RHP Gary Thompson
Batting: RHB Foster Hapgood 0-0: Fly out, F9 (Popup, 89S)
Batting: RHB Jesse Pérez 0-0: Called Strike
0-1: TRIPLE (Flyball, 9LS)
Christian Porter scores
Batting: LHB Eddie Nealon 0-0: Called Strike
0-1: Ball
1-1: Ball
2-1: Ground out U3 (Groundball, 3L)
Batting: RHB Roberto Peńa 0-0: Called Strike
0-1: Ball
1-1: Swinging Strike
1-2: Ball
2-2: Ball
3-2: Strikes out looking
Bottom of the 8th over - 1 run(s), 2 hit(s), 0 error(s), 1 left on base; Rocky Point HS 4 - Huntsville HS 3
TOP OF THE 9TH
Rocky Point HS Eagles batting - Pitching for Huntsville HS Wasps : RHP Tom Speck
Pitching: LHP John Dyer
Batting: RHB Pedro Cháves 0-0: Called Strike
0-1: Ball
1-1: Called Strike
1-2: Strikes out swinging
Batting: RHB Jim Sharry 0-0: Ball
1-0: Fly out, F7 (Line Drive, 7M)
Batting: RHB Joe Lewis 0-0: Called Strike
0-1: Ball
1-1: Called Strike
1-2: Ball
2-2: Ball
3-2: Strikes out looking
Top of the 9th over - 0 run(s), 0 hit(s), 0 error(s), 0 left on base; Rocky Point HS 4 - Huntsville HS 3
BOTTOM OF THE 9TH
Huntsville HS Wasps batting - Pitching for Rocky Point HS Eagles : RHP Gary Thompson
Pitching: RHP Roy Jordan
Batting: RHB Charles Lewis 0-0: Ball
1-0: Foul Ball, location: 2F
1-1: Ball
2-1: Foul Ball, location: 2F
2-2: Ball
3-2: Base on Balls
Batting: RHB Mike Kennedy 0-0: Ball
1-0: Foul Ball, location: 2F
1-1: Ball
2-1: Sac Bunt - play at second, runner safe!
Batting: RHB Esteban Garza 0-0: Called Strike
0-1: Called Strike
0-2: Strikes out swinging
Batting: LHB Warren Walden 0-0: Ball
1-0: Foul Ball, location: 2F
1-1: Ball
2-1: Ground out 5-3 (Groundball, 56S)
Charles Lewis to third
Mike Kennedy to second
Batting: RHB Christian Porter 0-0: Ball
1-0: Ball
2-0: Ball
3-0: Base on Balls
Batting: RHB Foster Hapgood 0-0: Ball
1-0: Ball
2-0: Ball
3-0: Base on Balls
Charles Lewis scores
Mike Kennedy to third
Christian Porter to second
Batting: RHB Jesse Pérez 0-0: Ball
1-0: Ball
2-0: Called Strike
2-1: Called Strike
2-2: Foul Ball, location: 2F
2-2: Foul Ball, location: 2F
2-2: Foul Ball, location: 2F
2-2: Ball
3-2: Strikes out looking
Bottom of the 9th over - 1 run(s), 0 hit(s), 0 error(s), 3 left on base; Rocky Point HS 4 - Huntsville HS 4
TOP OF THE 10TH
Rocky Point HS Eagles batting - Pitching for Huntsville HS Wasps : LHP John Dyer
Pinch Hitting: RHB Andrew Pinto 0-0: Called Strike
0-1: Swinging Strike
0-2: Ball
1-2: SINGLE (Groundball, 56D)
Batting: LHB Gus Price 0-0: Foul Ball, location: 2F
0-1: Ball
1-1: SINGLE (Line Drive, 34)
Andrew Pinto to second
Batting: RHB Fernando Pagán 0-0: Called Strike
0-1: Ball
1-1: Grounds into double play, 6-4-3 (Groundball, 6M)
Andrew Pinto to third
Batting: RHB John Lindsey 0-0: Ball
1-0: Called Strike
1-1: Ball
2-1: Fly out, F7 (Flyball, 7M)
Top of the 10th over - 0 run(s), 2 hit(s), 0 error(s), 1 left on base; Rocky Point HS 4 - Huntsville HS 4
BOTTOM OF THE 10TH
Huntsville HS Wasps batting - Pitching for Rocky Point HS Eagles : RHP Roy Jordan
Now at 3B: Andrew Pinto
Batting: LHB Eddie Nealon 0-0: Called Strike
0-1: Ball
1-1: Hit by Pitch
Batting: RHB Roberto Peńa 0-0: Sac Bunt - play at first, batter OUT! 5-4
Eddie Nealon to second
Batting: RHB Charles Lewis 0-0: Intentional Walk
Batting: RHB Mike Kennedy 0-0: Fly out, F7 (Flyball, 78M)
Batting: RHB Esteban Garza 0-0: Called Strike
0-1: Called Strike
0-2: Ball
1-2: Ball
2-2: Ball
3-2: SINGLE (Groundball, 23) (infield hit)
Eddie Nealon to third
Charles Lewis to second
Batting: LHB Warren Walden 0-0: Ball
1-0: Called Strike
1-1: Ball
2-1: Swinging Strike
2-2: Strikes out swinging
Bottom of the 10th over - 0 run(s), 1 hit(s), 0 error(s), 3 left on base; Rocky Point HS 4 - Huntsville HS 4
TOP OF THE 11TH
Rocky Point HS Eagles batting - Pitching for Huntsville HS Wasps : LHP John Dyer
Pitching: RHP Rod Powell
Batting: SHB Josh Conner 0-0: Ball
1-0: Ball
2-0: Ball
3-0: Called Strike
3-1: Called Strike
3-2: Fly out, F9 (Flyball, 9M)
Batting: RHB Ramón Garza 0-0: Ground out 6-3 (Groundball, 6)
Batting: RHB Pedro Cháves 0-0: SINGLE (Popup, 6S)
Batting: RHB Jim Sharry 0-0: Called Strike
0-1: Ball
1-1: SINGLE (Groundball, 56)
Pedro Cháves to second
Batting: RHB Joe Lewis 0-0: Fly out, F7 (Flyball, 78S)
Top of the 11th over - 0 run(s), 2 hit(s), 0 error(s), 2 left on base; Rocky Point HS 4 - Huntsville HS 4
BOTTOM OF THE 11TH
Huntsville HS Wasps batting - Pitching for Rocky Point HS Eagles : RHP Roy Jordan
Pitching: RHP Emílio Chavarría
Batting: RHB Christian Porter 0-0: Ball
1-0: Ball
2-0: Ball
3-0: Base on Balls
Batting: RHB Foster Hapgood 0-0: Called Strike
Christian Porter steals 2nd base
0-1: Ball
1-1: Intentional Walk
Batting: RHB Jesse Pérez 0-0: Ball
1-0: Foul Ball, location: 2F
1-1: Ball
2-1: Fly out, F8 (Popup, 4D)
Batting: LHB Eddie Nealon 0-0: Foul Ball, location: 2F
0-1: Fly out, F8 (Line Drive, 8RM)
Batting: RHB Roberto Peńa 0-0: Ball
1-0: Foul Ball, location: 2F
1-1: Foul Ball, location: 2F
1-2: Ball
2-2: Ball
3-2: Foul Ball, location: 2F
3-2: Foul Ball, location: 2F
3-2: Foul Ball, location: 2F
3-2: Base on Balls
Christian Porter to third
Foster Hapgood to second
Batting: RHB Charles Lewis 0-0: Fly out, F8 (Flyball, 8RM)
Bottom of the 11th over - 0 run(s), 0 hit(s), 0 error(s), 3 left on base; Rocky Point HS 4 - Huntsville HS 4
TOP OF THE 12TH
Rocky Point HS Eagles batting - Pitching for Huntsville HS Wasps : RHP Rod Powell
Batting: RHB Andrew Pinto 0-0: Ball
1-0: Foul Ball, location: 2F
1-1: Foul Ball, location: 2F
1-2: Strikes out swinging
Batting: LHB Gus Price 0-0: Ball
1-0: Ball
2-0: Called Strike
2-1: Ball
3-1: Base on Balls
Batting: RHB Fernando Pagán 0-0: Ball
Gus Price steals 2nd base
1-0: Ball
2-0: Ball
3-0: Called Strike
3-1: Base on Balls
Batting: RHB John Lindsey 0-0: Ball
1-0: Ball
2-0: Called Strike
2-1: Foul Ball, location: 2F
2-2: Strikes out swinging
Batting: SHB Josh Conner 0-0: Ball
1-0: Ball
2-0: Ball
3-0: Called Strike
3-1: Base on Balls
Gus Price to third
Fernando Pagán to second
Batting: RHB Ramón Garza 0-0: Ball
1-0: Ball
2-0: Foul Ball, location: 2F
2-1: Ball
3-1: Foul Ball, location: 2F
3-2: Base on Balls
Gus Price scores
Fernando Pagán to third
Josh Conner to second
Pitching: LHP Doug Hicks
Batting: RHB Pedro Cháves 0-0: Ball
Wild Pitch!
Fernando Pagán scores
Josh Conner to third
Ramón Garza to second
1-0: Ball
2-0: Foul Ball, location: 2F
2-1: Fly out, F9 (Flyball, 9M)
Top of the 12th over - 2 run(s), 0 hit(s), 0 error(s), 2 left on base; Rocky Point HS 6 - Huntsville HS 4
BOTTOM OF THE 12TH
Huntsville HS Wasps batting - Pitching for Rocky Point HS Eagles : RHP Emílio Chavarría
Batting: RHB Mike Kennedy 0-0: Ball
1-0: Fly out, F7 (Flyball, 78M)
Batting: RHB Esteban Garza 0-0: Ground out 1-3 (Groundball, 15)
Batting: LHB Warren Walden 0-0: Ball
Single, Error in OF, E9, batter to second base
Batting: RHB Christian Porter 0-0: Ball
1-0: Ball
2-0: Foul Ball, location: 2F
2-1: Foul Ball, location: 2F
2-2: Ball
3-2: Base on Balls
Batting: RHB Foster Hapgood 0-0: Called Strike
0-1: Ball
1-1: Called Strike
1-2: Foul Ball, location: 2F
1-2: SINGLE (Groundball, 34D)
Warren Walden to third
Christian Porter to second
Runner from 3rd tries for Home, SAFE, no throw or cutoff
Batting: RHB Jesse Pérez 0-0: Ball
1-0: Ball
2-0: SINGLE (Flyball, 7S)
Christian Porter to third
Foster Hapgood to second
Batting: LHB Eddie Nealon 0-0: Ball
1-0: Swinging Strike
1-1: Ball
2-1: Ball
3-1: Foul Ball, location: 2F
3-2: Foul Ball, location: 2F
3-2: Base on Balls
Christian Porter scores
Foster Hapgood to third
Jesse Pérez to second
Batting: RHB Roberto Peńa 0-0: Ball
1-0: Foul Ball, location: 2F
1-1: Ball
2-1: Fly out, F7 (Flyball, 7M)
Bottom of the 12th over - 2 run(s), 3 hit(s), 1 error(s), 3 left on base; Rocky Point HS 6 - Huntsville HS 6
TOP OF THE 13TH
Rocky Point HS Eagles batting - Pitching for Huntsville HS Wasps : LHP Doug Hicks
Batting: RHB Jim Sharry 0-0: Called Strike
0-1: SINGLE (Flyball, 7LM)
Batting: RHB Joe Lewis 0-0: Foul Ball, location: 2F
0-1: Ball
1-1: Called Strike
1-2: Ball
2-2: Strikes out swinging
Batting: RHB Andrew Pinto 0-0: Foul Ball, location: 2F
0-1: Foul Ball, location: 2F
0-2: Strikes out swinging
Batting: LHB Gus Price 0-0: Ball
1-0: Foul Ball, location: 2F
1-1: Called Strike
1-2: Strikes out swinging
Top of the 13th over - 0 run(s), 1 hit(s), 0 error(s), 1 left on base; Rocky Point HS 6 - Huntsville HS 6
BOTTOM OF THE 13TH
Huntsville HS Wasps batting - Pitching for Rocky Point HS Eagles : RHP Emílio Chavarría
Batting: RHB Charles Lewis 0-0: Called Strike
0-1: Foul Ball, location: 2F
0-2: Ball
1-2: Foul Ball, location: 2F
1-2: Ball
2-2: SINGLE (Groundball, 6MD)
Pitching: RHP Nick Cox
Batting: RHB Mike Kennedy 0-0: Foul Ball, location: 2F
0-1: Ball
1-1: Ball
Charles Lewis is caught stealing 2nd base
2-1: Foul Ball, location: 2F
2-2: Ball
3-2: Hit by Pitch
Batting: RHB Esteban Garza 0-0: Called Strike
0-1: Swinging Strike
0-2: Ball
Mike Kennedy is caught stealing 2nd base
1-2: Ball
2-2: DOUBLE (Line Drive, 9LS)
Batting: LHB Warren Walden 0-0: Ball
1-0: Ball
2-0: Ball
3-0: Called Strike
3-1: Base on Balls
Batting: RHB Christian Porter 0-0: Ball
1-0: Ball
2-0: Called Strike
2-1: Ball
3-1: Called Strike
3-2: Fly out, F9 (Line Drive, 89M)
Bottom of the 13th over - 0 run(s), 2 hit(s), 0 error(s), 2 left on base; Rocky Point HS 6 - Huntsville HS 6
TOP OF THE 14TH
Rocky Point HS Eagles batting - Pitching for Huntsville HS Wasps : LHP Doug Hicks
Batting: RHB Fernando Pagán 0-0: Swinging Strike
0-1: Ball
1-1: Ball
2-1: Foul Ball, location: 2F
2-2: Foul Ball, location: 2F
2-2: Strikes out swinging
Batting: RHB John Lindsey 0-0: Ball
1-0: Foul Ball, location: 2F
1-1: Ball
2-1: Ball
3-1: Reached on error, E4 (Groundball, 4)
Batting: SHB Josh Conner 0-0: Ball
1-0: Foul Ball, location: 2F
1-1: Ball
2-1: Foul Ball, location: 2F
2-2: Foul Ball, location: 2F
2-2: Ball
3-2: Base on Balls
Batting: RHB Ramón Garza 0-0: SINGLE (Groundball, 34D)
John Lindsey to third
Josh Conner to second
Runner from 3rd tries for Home, SAFE, throw made home
Josh Conner to third
Ramón Garza to second
Batting: RHB Pedro Cháves 0-0: Intentional Walk
Batting: RHB Jim Sharry 0-0: Ball
1-0: SINGLE (Groundball, 4M)
Josh Conner scores
Ramón Garza to third
Pedro Cháves to second
Runner from 3rd tries for Home, SAFE, throw made home
Batting: RHB Joe Lewis 0-0: Foul Ball, location: 2F
0-1: Ball
1-1: Ball
2-1: DOUBLE (Line Drive, 9LM)
Pedro Cháves scores
Jim Sharry to third
Batting: RHB Andrew Pinto 0-0: Intentional Walk
Pitching: RHP Ricardo Hernández
Batting: LHB Gus Price 0-0: Called Strike
0-1: SINGLE (Groundball, 4MD)
Jim Sharry scores
Joe Lewis to third
Andrew Pinto to second
Batting: RHB Fernando Pagán 0-0: Fly out, F8 (Flyball, 8LS)
Batting: RHB John Lindsey 0-0: Ball
1-0: Ball
2-0: Called Strike
2-1: Called Strike
2-2: Strikes out swinging
Top of the 14th over - 5 run(s), 4 hit(s), 1 error(s), 3 left on base; Rocky Point HS 11 - Huntsville HS 6
BOTTOM OF THE 14TH
Huntsville HS Wasps batting - Pitching for Rocky Point HS Eagles : RHP Nick Cox
Batting: RHB Foster Hapgood 0-0: Ball
1-0: Called Strike
1-1: Foul Ball, location: 2F
1-2: Foul Ball, location: 2F
1-2: Ball
2-2: Hit by Pitch
Batting: RHB Jesse Pérez 0-0: SINGLE (Groundball, 13) (infield hit)
Foster Hapgood to second
Batting: LHB Eddie Nealon 0-0: Swinging Strike
0-1: Foul Ball, location: 2F
0-2: Strikes out swinging
Batting: RHB Roberto Peńa 0-0: Called Strike
0-1: Fly out, F8 (Flyball, 8RM)
Batting: RHB Charles Lewis 0-0: Foul Ball, location: 2F
0-1: Ball
1-1: DOUBLE (Line Drive, 78M)
Foster Hapgood scores
Jesse Pérez to third
Runner from 3rd tries for Home, SAFE, no throw or cutoff
Batting: RHB Mike Kennedy 0-0: Ball
1-0: Foul Ball, location: 2F
1-1: Ball
2-1: Ball
3-1: Foul Ball, location: 2F
3-2: Ground out 5-3 (Groundball, 56S)
Bottom of the 14th over - 2 run(s), 2 hit(s), 0 error(s), 1 left on base; Rocky Point HS 11 - Huntsville HS 8
Monday, December 5th, 2016 - OOTP Baseball 17.12 Build 75